 Dungeon Crawl Stone Soup version 0.28.0-53-g5a82cb258f (webtiles) character file.

Game seed: 4141623900966922266

4570 MiltankisOP the Protected (level 10, 0/60 HPs)
             Began as a Gargoyle Fighter on June 14, 2022.
             Was a High Priest of Jiyva.
             Killed from afar by a starcursed mass (4 damage)
             ... with an accursed screaming
             ... on level 1 of the Abyss.
             The game lasted 00:18:02 (6874 turns).

MiltankisOP the Protected (Gargoyle Fighter)        Turns: 6874, Time: 00:18:02

Health: 0/60       AC: 20    Str: 26    XL:     10   Next: 41%
Magic:  0/10       EV: 10    Int:  9    God:    Jiyva [*****.]
Gold:   301        SH:  6    Dex: 13    Spells: 9/9 levels left

rFire   + . .      SeeInvis .   a - +0 flail
rCold   . . .      Faith    .   c - +0 buckler
rNeg    + . .      Spirit   +   l - +0 plate armour
rPois   ∞          Reflect  .   (helmet unavailable)
rElec   +          Harm     .   (no cloak)
rCorr   +          Rampage  .   (no gloves)
Will    .....                   (no boots)
Stlth   ..........              k - amulet "Vauke" {Spirit rF+ rCorr}
HPRegen 1.64/turn               (no ring)
MPRegen 0.57/turn               (no ring)

@: calling ooze
A: sickness immunity, AC +7, negative energy resistance 1, electricity
resistance, torment resistance 1, petrification resistance, horns 3, thin
skeletal structure 2, strong 1, translucent skin 2, jelly sensing items
a: Renounce Religion, Oozemancy, Slimify


You were on level 1 of the Abyss.
You worshipped Jiyva.
Jiyva was extremely pleased with you.
You visited 1 branch of the dungeon, and saw 10 of its levels.
You visited the Abyss 1 time.

You collected 301 gold pieces.

Inventory:

Hand Weapons
 a - a +0 flail (weapon)
Armour
 b - a +0 scale mail
 c - a +0 buckler (worn)
 j - the +0 helmet of Inquiry {Fly rN+}
   (You found it on level 2 of the Dungeon)

   rN:        It protects you from negative energy.
   Fly:       It grants you flight.
 l - a +0 plate armour (worn)
 q - +0 steam dragon scales
Jewellery
 k - the amulet "Vauke" (around neck) {Spirit rF+ rCorr}
   (You found it on level 2 of the Dungeon)

   [amulet of guardian spirit]

   It causes incoming damage to be divided between your reserves of health and
   magic.
   rF:        It protects you from fire.
   rCorr:     It protects you from acid and corrosion.
 t - a ring of wizardry
Scrolls
 e - 2 scrolls of fog {unknown}
 h - a scroll of identify
 i - 2 scrolls of teleportation
 m - 2 scrolls of noise {unknown}
 s - a scroll of enchant weapon {unknown}
 u - a scroll of enchant armour {unknown}
 v - 2 scrolls of vulnerability {unknown}
Potions
 d - 2 potions of heal wounds
 f - 2 potions of brilliance
 g - 3 potions of ambrosia
 n - a potion of curing
 o - a potion of attraction {unknown}
 p - a potion of resistance {unknown}
 r - a potion of flight {unknown}
 w - 2 potions of lignification {unknown}


   Skills:
 + Level 5.6 Fighting
 + Level 5.5 Maces & Flails
 - Level 8.0 Armour
 - Level 8.0 Dodging
 - Level 8.0 Shields


You had 9 spell levels left.
You didn't know any spells.
Your spell library was empty.

Dungeon Overview and Level Annotations

Branches:
Dungeon (10/15)            Temple (0/1) D:7             Orc (0/2) D:9
   Lair: D:8-11

Altars:
Ashenzari
Cheibriados
Qazlal
Uskayaw
Xom
Yredelemnul
Jiyva

Shops:
D:6 [   D:9 (

Annotations:
D:5 2 transporters, bnorton916's ghost, amateur DEFE
D:7 exclusion: ice statue
D:10 Erolcha


Innate Abilities, Weirdness & Mutations

You are immune to sickness and miasma.
Your stone body is resilient. (AC +7)
You are immune to poison.
You resist negative energy. (rN+)
You are resistant to electric shocks. (rElec)
You are resistant to unholy torment.
You are immune to petrification.
You have a pair of large horns on your head.
You have a moderately thin skeletal structure. (Dex +4, Stealth++)
Your muscles are strong. (Str +2)
Your translucent skin reduces your foes' accuracy. (Stealth+)
You have a small jelly attached to you that senses nearby items.


Message History

A small abomination comes into view.
You hear some strange, mumbled words.
A bolt of cold appears from out of thin air!
The bolt of cold hits you!!!
Ouch! That really hurt!
* * * LOW HITPOINT WARNING * * *
You shudder from the blast and a flood of jellies pours out from you!
Okay, then.
The starcursed mass shrieks in your mind.
* * * LOW HITPOINT WARNING * * *
The small abomination hits your azure jelly!
Your azure jelly hits the small abomination!
Your azure jelly freezes the small abomination!
The small abomination is destroyed!
The small abomination hits you.
* * * LOW HITPOINT WARNING * * *
Your azure jelly barely misses something.
Your azure jelly hits something.
Your azure jelly freezes something!
Your azure jelly closely misses something.
Your azure jelly hits something but does no damage.
The small abomination closely misses you.
You barely miss the small abomination.
The small abomination is heavily damaged.
You block the small abomination's attack.
Your azure jelly hits the small abomination.
Your azure jelly freezes the small abomination!!
Your azure jelly hits the small abomination.
Your azure jelly freezes the small abomination!!
The small abomination is destroyed!
The starcursed mass shrieks in your mind.
* * * LOW HITPOINT WARNING * * *
Your azure jelly barely misses the small abomination.
Your azure jelly hits the small abomination but does no damage. x2
Your azure jelly hits the small abomination.
Your azure jelly hits the small abomination!
Your azure jelly freezes the small abomination!!!
The small abomination is destroyed!
You hit something but do no damage.
The starcursed mass shrieks in your mind.
You die...

#...##.##.X.#..#.#
........#.#....#
#..#....#......#
####...........#..#
#......###X.#...#..
##......#J.....## .
#........J.##.##
#.####{.#....#
#@#.....§
#......#..§.#
#.#...#.##.....
##.....####.#
#####... .... #.#.
#.


You could see a starcursed mass and 2 friendly azure jellies.

Vanquished Creatures
  A thrashing horror (Abyss:1)
  Joseph (D:8)
  An ancient zyme (Abyss:1)
  A hornet (D:9)
  2 yaks (D:9)
  A steam dragon (D:7)
  A water moccasin (D:5)
  An orc warrior (D:7)
  3 black bears
  An ice beast (D:7)
  An ogre (D:5)
  A phantom (D:6)
  2 centaurs
  2 bullfrogs
  A kobold brigand (D:9)
  A water moccasin zombie (D:5)
  3 killer bees (D:9)
  An electric eel (D:10)
  2 howler monkeys (D:10)
  A bullfrog zombie (D:5)
  Crazy Yiuf (D:3)
  A hound (D:5)
  3 orc priests
  A bullfrog skeleton (D:3)
  An iron imp (D:8)
  4 iguanas
  3 orc wizards (D:7)
  A hound skeleton (D:4)
  3 adders
  A white imp (D:7)
  An ufetubus (Abyss:1)
  A worm (D:2)
  A dart slug (D:3)
  9 orcs
  4 ball pythons
  5 bats
  3 endoplasms (D:1)
  A giant cockroach (D:3)
  4 goblins
  7 hobgoblins
  8 kobolds
  3 quokkas
  2 frilled lizards
  5 rats
101 creatures vanquished.

Vanquished Creatures (collateral kills)
  A boulder beetle (D:9)
  A two-headed ogre (D:8)
  A wraith (D:9)
  A shadow (D:10)
  A yak (D:9)
  3 small abominations (Abyss:1)
8 creatures vanquished.

Vanquished Creatures (others)
  Erica (D:8)
  An ice statue (D:7)
  Sigmund (D:2)
  An acid dragon (D:6)
  A sky beast (D:6)
  A black bear (D:5)
  A necrophage (D:6)
  2 centaurs
  A phantom (D:5)
  A bullfrog (D:8)
  A water moccasin zombie (D:5)
  A centaur zombie (D:8)
  18 jellies
  Jessica (D:3)
  2 iguanas
  An orc wizard (D:9)
  2 adders
  6 orcs
  2 endoplasms
  3 hobgoblins
  5 goblins
  A kobold (D:3)
  A rat (D:2)
55 creatures vanquished.

Grand Total: 164 creatures vanquished

Notes
Turn   | Place    | Note
-------+----------+-------------------------------------------
     0 | D:1      | MiltankisOP the Gargoyle Fighter began the quest for the
                  | Orb.
     0 | D:1      | Reached XP level 1. HP: 14/14 MP: 1/1
   261 | D:1      | Reached XP level 2. HP: 13/19 MP: 2/2
   849 | D:1      | Found a faded altar of an unknown god.
   997 | D:1      | Prayed at the altar of an unknown god.
   997 | D:1      | Became a worshipper of Jiyva Jelunasm the Shapeless
   997 | D:1      | Reached * piety under Jiyva
  1480 | D:2      | Reached ** piety under Jiyva
  1531 | D:2      | Identified the +0 helmet of Inquiry {Fly rN+}
  1557 | D:2      | Killed Sigmund
  1573 | D:2      | Reached XP level 3. HP: 24/24 MP: 3/3
  1668 | D:2      | Identified the amulet "Vauke" {Spirit rF+ rCorr}
  2228 | D:2      | Reached *** piety under Jiyva
  2347 | D:3      | Gained mutation: You have a somewhat thin skeletal
                  | structure. (Dex +2, Stealth+) [Jiyva's grace]
  2347 | D:3      | Gained mutation: You have a moderately thin skeletal
                  | structure. (Dex +4, Stealth++) [Jiyva's grace]
  2347 | D:3      | Gained mutation: You have an unnaturally thin skeletal
                  | structure. (Dex +6, Stealth+++) [Jiyva's grace]
  2347 | D:3      | Gained mutation: Your muscles are strong. (Str +2) [Jiyva's
                  | grace]
  2380 | D:3      | Killed Jessica
  2523 | D:3      | Reached XP level 4. HP: 25/30 MP: 4/4
  2914 | D:3      | Found a runed translucent door.
  2915 | D:3      | Noticed Crazy Yiuf
  2926 | D:3      | Killed Crazy Yiuf
  2927 | D:3      | Reached skill level 5 in Fighting
  2927 | D:3      | Reached XP level 5. HP: 30/35 MP: 5/5
  3164 | D:4      | Reached **** piety under Jiyva
  3241 | D:5      | Entered Level 5 of the Dungeon
  3283 | D:5      | Reached skill level 5 in Maces & Flails
  3283 | D:5      | Reached XP level 6. HP: 31/40 MP: 6/6
  3348 | D:5      | Reached skill level 1 in Dodging
  3505 | D:5      | Found a transporter.
  3507 | D:5      | Noticed bnorton916's ghost (amateur DEFE)
  3508 | D:5      | Found a transporter.
  3527 | D:5      | Noticed a water moccasin
  3535 | D:5      | Killed a water moccasin
  3536 | D:5      | Reached XP level 7. HP: 19/44 MP: 3/7
  3571 | D:5      | Lost mutation: You have an unnaturally thin skeletal
                  | structure. (Dex +6, Stealth+++) [Jiyva's grace]
  3571 | D:5      | Gained mutation: Your translucent skin slightly reduces
                  | your foes' accuracy. (Stealth+) [Jiyva's grace]
  3571 | D:5      | Gained mutation: Your translucent skin reduces your foes'
                  | accuracy. (Stealth+) [Jiyva's grace]
  3571 | D:5      | Gained mutation: Your transparent skin significantly
                  | reduces your foes' accuracy. (Stealth+) [Jiyva's grace]
  3571 | D:5      | Gained mutation: Your large and strong wings let you fly.
                  | [Jiyva's grace]
  3665 | D:5      | Reached ***** piety under Jiyva
  3943 | D:6      | Found a hide-covered altar of Uskayaw.
  4107 | D:6      | Found a basalt altar of Yredelemnul.
  4221 | D:6      | Found Poass's Armour Emporium.
  4343 | D:7      | Reached skill level 5 in Armour
  4343 | D:7      | Reached skill level 5 in Shields
  4364 | D:7      | Reached XP level 8. HP: 47/49 MP: 8/8
  4386 | D:7      | Found a staircase to the Ecumenical Temple.
  4523 | D:7      | Noticed an ice statue
  4674 | D:7      | Killed an ice statue
  5058 | D:8      | Found a snail-covered altar of Cheibriados.
  5086 | D:8      | Noticed an air elemental
  5086 | D:8      | Noticed Joseph
  5102 | D:8      | Killed Joseph
  5103 | D:8      | Reached XP level 9. HP: 40/54 MP: 7/9
  5128 | D:8      | Found a stormy altar of Qazlal.
  5457 | D:8      | Noticed Erica
  5473 | D:8      | Killed Erica
  5550 | D:8      | Noticed a two-headed ogre
  5565 | D:8      | Killed a two-headed ogre
  5566 | D:8      | Reached skill level 5 in Dodging
  5628 | D:8      | Lost mutation: Your large and strong wings let you fly.
                  | [Jiyva's grace]
  5628 | D:8      | Lost mutation: Your transparent skin significantly reduces
                  | your foes' accuracy. (Stealth+) [Jiyva's grace]
  5628 | D:8      | Gained mutation: You have a small jelly attached to you
                  | that senses nearby items. [Jiyva's grace]
  5628 | D:8      | Gained mutation: You have a pair of small horns on your
                  | head. [Jiyva's grace]
  5628 | D:8      | Gained mutation: You have a pair of horns on your head.
                  | [Jiyva's grace]
  5628 | D:8      | Gained mutation: You have a pair of large horns on your
                  | head. [Jiyva's grace]
  5841 | D:9      | Found a staircase to the Orcish Mines.
  5976 | D:9      | Reached ****** piety under Jiyva
  6014 | D:9      | Noticed a boulder beetle
  6027 | D:9      | Killed a boulder beetle
  6028 | D:9      | Reached XP level 10. HP: 52/59 MP: 10/10
  6252 | D:9      | Found Itsog's Antique Weapon Shoppe.
  6335 | D:9      | Found a broken altar of Ashenzari.
  6492 | D:10     | Entered Level 10 of the Dungeon
  6492 | D:10     | Found a shimmering altar of Xom.
  6682 | D:10     | Noticed Erolcha
  6688 | D:10     | Cast into level 1 of the Abyss (Erolcha)
  6762 | Abyss:1  | Noticed a starcursed mass
  6780 | Abyss:1  | Noticed a rakshasa
  6792 | Abyss:1  | Paralysed by accursed screaming for 1 turns
  6816 | Abyss:1  | Noticed a thrashing horror
  6819 | Abyss:1  | Noticed a lich
  6858 | Abyss:1  | Killed a thrashing horror
  6869 | Abyss:1  | HP: 2/60 [starcursed mass/accursed screaming (4)]
  6874 | Abyss:1  | Killed from afar by a starcursed mass

Illustrated notes

Levels and vault maps discovered:
D:1:      giann_bridges, layout_basic,
          shapermc_ecumenical_altar_mp_urbaneastern, amcnicky_mini_pool_small,
          minmay_misc_feat_roman, chequers_big_river, minmay_distorted
D:2:      layout_basic, lightli_corner_chamber, uniq_sigmund
D:3:      cheibrodos_greedy_goblins, layout_loops_ring,
          chequers_serial_rivers_room_b, minmay_increasing_density,
          uniq_crazy_yiuf_cottage, uniq_jessica
D:4:      layout_cave_pools, glass_columns_b, serial_bayou_lake_a
D:5:      layout_cave_pods, gammafunk_ghost_mausoleum
D:6:      layout_basic, eat_drink_and_be_merry_uskayaw,
          mainiacjoe_overflow_small_starburst, serial_shops, shop_statue
D:7:      lemuel_ice_statue, layout_loops_ring, minmay_temple_entry_wispy
D:8:      layout_loops_ring, nicolae_qazlal_style_of_elements, slow_altar_1,
          lemuel_flame_loot_1, uniq_joseph, uniq_erica
D:9:      layout_roguey, kennysheep_mini_moat, orc_0_dummy, serial_shops,
          nicolae_shop_statue_plus
D:10:     layout_basic, mainiacjoe_overflow_concentric_impassable, uniq_sonja,
          uniq_erolcha
Abyss:1:  base: D:9, hangedman_summoners_spam, hangedman_summoners_spam

Skill      XL: |  1  2  3  4  5  6  7  8  9 10 |
---------------+-------------------------------+-----
Fighting       | 4 5 |  5.6
Maces & Flails | 3 5 |  5.5
Dodging        | 1 3 4 7 8 |  8.0
Armour         | 4 5 6 8 |  8.0
Shields        | 4 5 6 8 |  8.0

Action                   |  1- 3 |  4- 6 |  7- 9 | 10-12 || total
-------------------------+-------+-------+-------+-------++-------
Melee: Flail             |   105 |   120 |   218 |    65 ||   508
       Headbutt          |       |       |     4 |    15 ||    19
Invok: Oozemancy         |       |       |       |     1 ||     1
  Use: Scroll            |       |       |     4 |     1 ||     5
       Potion            |       |       |     1 |       ||     1
 Stab: Distracted        |       |       |     1 |       ||     1
Armor: Scale mail        |    38 |       |       |       ||    38
       Plate armour      |    17 |   119 |   149 |    76 ||   361
Dodge: Dodged            |    34 |    36 |    78 |    56 ||   204
Block: Buckler           |    25 |    29 |    56 |    36 ||   146
